 Dungeon Crawl Stone Soup version 0.31.0-2-g5a2aebc5c2 (webtiles) character file.

Game seed: 10146325222947951793

1362 EnegeticOcto the Cleaver (level 8, -5/59 (71) HPs)
             Began as a Minotaur Fighter on Jan 20, 2024.
             Was an Initiate of Cheibriados.
             Slain by Jeremiah
             ... wielding a +2 trident of draining
              (8 damage)
             ... on level 6 of the Dungeon.
             The game lasted 00:02:45 (3993 turns).

EnegeticOcto the Cleaver (Minotaur Fighter)         Turns: 3993, Time: 00:02:45

HP:   -5/59 (71)    AC: 12    Str: 24    XL:     8   Next: 37%
MP:   7/7           EV:  8    Int:  6    God:    Cheibriados [......]
Gold: 183           SH:  6    Dex: 17    Spells: 7/7 levels left

rFire   + . .        a - +0 war axe (vamp)
rCold   . . .        c - +0 buckler
rNeg    . . .        t - +1 chain mail {rF+}
rPois   .            (helmet restricted)
rElec   .            (no cloak)
rCorr   .            i - +0 pair of gloves
SInv    +            (no boots)
Will    .....        (no amulet) Stlth
                     q - +6 ring of dexterity
HPRegen 0.29/turn    e - ring of see invisible
MPRegen 0.10/turn

%: no passive effects
@: heavily drained, very slow
A: horns 2, retaliatory headbutt
a: Renounce Religion


You were on level 6 of the Dungeon.
You worshipped Cheibriados.
Cheibriados was noncommittal.
You visited 2 branches of the dungeon, and saw 7 of its levels.

You collected 183 gold pieces.

Inventory:

Hand Weapons
 a - a +0 vampiric war axe (weapon)
Armour
 b - a +0 scale mail
 c - a +0 buckler (worn)
 h - a +0 chain mail
   (You found it on level 1 of the Dungeon)
 i - a +0 pair of gloves (worn)
   (You found it on level 2 of the Dungeon)
 t - a +1 chain mail of fire resistance (worn)
   (You took it off an orc on level 4 of the Dungeon)
Jewellery
 e - a ring of see invisible (right hand)
   (You found it on level 2 of the Dungeon)
 q - a +6 ring of dexterity (left hand)
   (You found it on level 5 of the Dungeon)
 y - a ring of resist corrosion
   (You found it on level 5 of the Dungeon)
Wands
 s - a wand of polymorph (11)
   (You took it off Duvessa on level 4 of the Dungeon)
Scrolls
 g - a scroll of poison
 l - a scroll of fear
 m - a scroll of revelation
 n - a scroll of summoning
 x - a scroll of brand weapon
Potions
 d - 3 potions of might {@q3}
 f - 3 potions of lignification
 j - a potion of invisibility
 k - 2 potions of haste {@q4}
 o - 2 potions of enlightenment {unknown}
 p - a potion of degeneration {unknown}
 r - a potion of cancellation {unknown}
 u - 2 potions of attraction {unknown}
 v - a potion of heal wounds {unknown}
 w - a potion of curing {unknown}


   Skills:
 + Level 6.5 Fighting
 * Level 8.1 Axes
 + Level 6.6 Armour
 + Level 6.5 Shields


You had 7 spell levels left.
You didn't know any spells.
Your spell library was empty.

Dungeon Overview and Level Annotations

Branches:
Dungeon (6/15)             Temple (1/1) D:6

Altars:
Cheibriados
Dithmenos
Gozag
Hepliaklqana
Kikubaaqudgha
Nemelex Xobeh
Trog
Uskayaw
Vehumet
Zin
The Shining One

Annotations:
D:6 Jeremiah


Innate Abilities, Weirdness & Mutations

You have a pair of horns on your head.
You reflexively headbutt those who attack you in melee.


Message History

Jeremiah hits you from afar with a +2 trident of draining.
You feel drained.
You closely miss the butterfly. x2; You miss the butterfly.
You closely miss the butterfly. You hit the butterfly.
You kill the butterfly!
The butterfly disappears in a burst of colours!
You miss the butterfly.
The butterfly disappears in a burst of colours! x3
Jeremiah hits you but does no damage.
You feel drained.
You closely miss the butterfly. You miss the butterfly. x2
You closely miss the butterfly.
The butterfly disappears in a burst of colours! x2
Jeremiah hits you from afar with a +2 trident of draining.
You feel drained.
You slash the butterfly!
You kill the butterfly!
The butterfly disappears in a burst of colours!
You slash the butterfly!
You kill the butterfly!
The butterfly disappears in a burst of colours!
You barely miss the butterfly. You hit the butterfly.
You kill the butterfly!
The butterfly disappears in a burst of colours! x2
Jeremiah trails rainbows from their fingertips.
Jeremiah completely misses you.
You closely miss the butterfly. You headbutt the butterfly.
You kill the butterfly!
The butterfly disappears in a burst of colours!
You completely miss the butterfly. You miss the butterfly. x2
The butterfly disappears in a burst of colours!
Jeremiah shouts, "O dreadful one, destroy my foe!"
Something smites you!
You hit the butterfly.
You kill the butterfly!
The butterfly disappears in a burst of colours!
You barely miss the butterfly. You hit the butterfly.
You kill the butterfly!
The butterfly disappears in a burst of colours! x4
Jeremiah hops!
You barely miss the butterfly. Your headbutt misses the butterfly.
You closely miss the butterfly. x2
Jeremiah mumbles a slurred invocation.
Something smites you!
You hit the butterfly.
You kill the butterfly!
The butterfly disappears in a burst of colours!
You closely miss the butterfly. x2
The butterfly disappears in a burst of colours! x3
Jeremiah lets out a twisted cry.
Something smites you!
* * * LOW HITPOINT WARNING * * *
The butterfly disappears in a burst of colours!
The butterfly disappears in a burst of colours!
You block Jeremiah's attack.
You completely miss the butterfly. You barely miss the butterfly.
You slash the butterfly!
You kill the butterfly!
The butterfly disappears in a burst of colours!
You block Jeremiah's attack.
You hit the butterfly.
You kill the butterfly!
The butterfly disappears in a burst of colours!
You miss the butterfly.
The butterfly disappears in a burst of colours! x2
You block Jeremiah's attack.
You slash the butterfly!
You kill the butterfly!
The butterfly disappears in a burst of colours!
You miss the butterfly. You hit the butterfly.
You kill the butterfly!
The butterfly disappears in a burst of colours!
Jeremiah hits you from afar with a +2 trident of draining.
* * * LOW HITPOINT WARNING * * *
You feel drained.
Unknown command.
The butterfly disappears in a burst of colours! x2
Jeremiah barely misses you. You furiously retaliate!
You headbutt Jeremiah! You closely miss Jeremiah.
Jeremiah is moderately wounded.
You barely miss the butterfly. You slash the butterfly!
You kill the butterfly!
The butterfly disappears in a burst of colours! x4
Jeremiah hits you with a +2 trident of draining.
* * * LOW HITPOINT WARNING * * *
You feel drained.
Jeremiah hits you with a +2 trident of draining!
* * * LOW HITPOINT WARNING * * *
You feel drained.
* * * LOW HITPOINT WARNING * * *
You hit Jeremiah but do no damage.
Jeremiah is moderately wounded.
You completely miss the butterfly. x2; You slash the butterfly!
You kill the butterfly!
The butterfly disappears in a burst of colours!
You closely miss the butterfly. You hit the butterfly.
You kill the butterfly!
The butterfly disappears in a burst of colours! x4
Jeremiah hits you with a +2 trident of draining!
You die...
Jeremiah asks, "What happened?
Did... did you die?"

#.............
#............ ###
#........... ##.##
##....)..... ##...##
#..........
#...$.####...##.....
##.......###..#######
#...b.....##..#
#..b@.b....#..#
#...bF..b......#
#....b.........#
#....bb....b....#
#.......b.......#
#................#
#.................
#.......b.%.......#
.....!.......


You could see Jeremiah.

Vanquished Creatures
  Duvessa (D:4)
  A sky beast (D:6)
  An ice beast (D:5)
  A black bear (D:5)
  An ogre (D:5)
  2 centaurs (D:5)
  2 phantoms
  Blork the orc (D:6)
  A kobold brigand (D:6)
  A scorpion (D:5)
  Dowan (D:4)
  A bombardier beetle (D:4)
  An orc priest (D:5)
  2 iguanas (D:6)
  2 orc wizards (D:5)
  4 gnolls (D:5)
  4 adders
  A shadow imp (D:5)
  A white imp (D:6)
  A dart slug (D:4)
  3 ribbon worms
  10 orcs
  8 endoplasms
  7 giant cockroaches
  3 goblins
  6 hobgoblins
  18 kobolds
  4 quokkas
  6 ball pythons
  5 bats
  7 frilled lizards
  8 rats
115 creatures vanquished.

Notes
Turn   | Place    | Note
-------+----------+-------------------------------------------
     0 | D:1      | EnegeticOcto the Minotaur Fighter began the quest for the
                  | Orb.
     0 | D:1      | Reached XP level 1. HP: 19/19 MP: 0/0
   182 | D:1      | Reached XP level 2. HP: 24/27 MP: 1/1
   238 | D:1      | Reached skill level 3 in Axes
   462 | D:1      | Reached XP level 3. HP: 33/33 MP: 2/2
  1127 | D:2      | Found a hide-covered altar of Uskayaw.
  1353 | D:3      | Reached XP level 4. HP: 40/40 MP: 3/3
  1814 | D:4      | Found a glowing drain.
  2010 | D:4      | Reached skill level 4 in Axes
  2071 | D:4      | Noticed Duvessa
  2071 | D:4      | Noticed Dowan
  2076 | D:4      | Killed Duvessa
  2077 | D:4      | Reached XP level 5. HP: 47/47 MP: 4/4
  2101 | D:4      | Killed Dowan
  2102 | D:4      | Reached skill level 5 in Axes
  2102 | D:4      | Reached XP level 6. HP: 7/55 MP: 5/5
  2836 | D:5      | Entered Level 5 of the Dungeon
  2847 | D:5      | Reached skill level 5 in Fighting
  2847 | D:5      | Reached skill level 5 in Armour
  2847 | D:5      | Reached skill level 5 in Shields
  2895 | D:5      | Reached skill level 6 in Axes
  2895 | D:5      | Reached XP level 7. HP: 32/61 MP: 6/6
  3246 | D:5      | Reached skill level 7 in Axes
  3572 | D:6      | Noticed Blork the orc
  3580 | D:6      | Killed Blork the orc
  3581 | D:6      | Reached XP level 8. HP: 57/70 MP: 7/7
  3774 | D:6      | Reached skill level 8 in Axes
  3798 | D:6      | Found a staircase to the Ecumenical Temple.
  3835 | Temple   | Entered the Ecumenical Temple
  3864 | Temple   | Became a worshipper of Cheibriados the Contemplative
  3959 | D:6      | Identified the +4 dagger of Fipnuze {speed, rPois rC++
                  | Stlth-}
  3968 | D:6      | Noticed Jeremiah
  3993 | D:6      | Slain by Jeremiah

Illustrated notes

Levels and vault maps discovered:
D:1:      tarquinn_simple_flora_water_e, layout_loops_ring
D:2:      layout_basic, basic_altar
D:3:      layout_rooms, kennysheep_generic_room_16
D:4:      dreamdust_elfheim, layout_loops_ring, gup_sewer_entry_glass,
          nicolae_tricolors
D:5:      layout_cave_pools
D:6:      layout_cave_pods, minmay_temple_entry_butterflies, uniq_jeremiah,
          uniq_blork_the_orc
Temple:   grunt_temple_mini_profane

Skill      XL: |  1  2  3  4  5  6  7  8 |
---------------+-------------------------+-----
Axes           | 3 4 5 6 7 8 |  8.1
Armour         | 4 5 6 |  6.6
Fighting       | 4 5 6 |  6.5
Shields        | 4 5 6 |  6.5

Action                     |  1- 3 |  4- 6 |  7- 9 || total
---------------------------+-------+-------+-------++-------
  Melee: War axe           |   110 |    91 |    82 ||   283
         Headbutt          |     9 |     8 |    19 ||    36
         Unarmed           |       |    15 |       ||    15
    Use: Scroll            |     5 |     5 |     4 ||    14
 Armour: Scale mail        |    21 |       |       ||    21
         Chain mail        |    45 |    83 |    73 ||   201
         Skin              |       |    10 |       ||    10
  Dodge: Dodged            |    39 |    43 |    25 ||   107
  Block: Buckler           |    33 |    20 |    25 ||    78
